 Dungeon Crawl Stone Soup version 0.13-a0-1585-g6f4f798 (webtiles) character file.

8108 Koal the Grappler (level 10, -3/83 HPs)
             Began as a Troll Earth Elementalist on June 12, 2013.
             Was a High Priest of Cheibriados.
             Slain by an eight-headed hydra (5 damage)
             ... on Level 10 of the Dungeon.
             The game lasted 01:14:02 (9828 turns).

Koal the Grappler (Troll Earth Elementalist)        Turns: 9828, Time: 01:14:03

HP  -3/83        AC  9     Str 32      XL: 10   Next: 90%
MP  11/25        EV 10     Int 28      God: Cheibriados [*****.]
Gold 798         SH  0     Dex 24      Spells:  4 memorised,  3 levels left

Res.Fire  : + . .   See Invis. : .   b - staff of earth {!a}
Res.Cold  : . . .   Warding    : .   H - +2 robe {rF+}
Life Prot.: . . .   Conserve   : .   (shield restricted)
Res.Poison: .       Res.Corr.  : .   (helmet restricted)
Res.Elec. : .       Clarity    : .   w - +0 elf cloak
Sust.Abil.: . .     Spirit.Shd : .   (gloves unavailable)
Res.Mut.  : .       Stasis     : .   (boots unavailable)
Res.Rott. : .       Flight     : .   (no amulet)
Gourmand  : +                        m - ring of magical power
                                     j - +1 ring of protection

@: very slow, somewhat resistant to hostile enchantments, stealthy
A: unfitting armour, claws 3, fast metabolism 3, gourmand, regeneration 2,
saprovore 2, tough skin 2, AC +1
a: Bend Time, Temporal Distortion, Slouch, Step From Time, Renounce Religion


You were on level 10 of the Dungeon.
You worshipped Cheibriados.
Cheibriados was exalted by your worship.
You were very full.

You visited 2 branches of the dungeon, and saw 11 of its levels.

You collected 778 gold pieces.

Inventory:

Hand weapons
 e - a +4 blowgun
Missiles
 a - a throwing net {=f}
 h - 74 darts
 i - 19 poisoned needles
 q - 98 stones {=f}
 I - 2 steel darts (quivered)
Armour
 w - a +0 elven cloak (worn)
 H - a +2 robe of fire resistance (worn)
Magical devices
 n - a wand of fire (7)
 x - a wand of magic darts (11)
 C - a wand of frost (11)
 E - a wand of draining (7) {unknown}
Comestibles
 l - 2 chokos
 t - a meat ration
 D - 5 bread rations
 G - a chunk of giant gecko flesh
Scrolls
 c - a scroll of identify
 o - 4 scrolls of teleportation
 p - 2 scrolls of magic mapping
 y - 6 scrolls of remove curse {unknown}
 L - a scroll of blinking
 M - a scroll of fear {unknown}
Jewellery
 j - a +1 ring of protection (left claw)
 k - an uncursed ring of fire
 m - a ring of magical power (right claw)
 B - a cursed ring of fire
Potions
 f - a potion of heal wounds
 g - 7 potions of curing
 r - a potion of invisibility
 s - a potion of restore abilities
 u - 3 potions of flight
 v - a potion of agility
 z - a potion of might
 A - a potion of brilliance
 K - a potion of berserk rage
Books
 d - a book of Geomancy

   Spells                             Type                      Level
   *Sandblast                         Earth                        1
   *Stoneskin                         Transmutation/Earth          2
   Passwall                           Transmutation/Earth          3
   *Stone Arrow                       Conjuration/Earth            3
   *Petrify                           Transmutation/Earth          4
   Lee's Rapid Deconstruction         Earth                        5
 J - a book of the Warp

   Spells                             Type                      Level
   Recall                             Summoning/Translocation      3
   Control Teleport                   Charms/Translocation         4
   Phase Shift                        Translocation                5
   Warp Weapon                        Charms/Translocation         5
   Dispersal                          Translocation                6
   Controlled Blink                   Translocation                7
   Disjunction                        Translocation                8
Magical staves
 b - an uncursed staff of earth (weapon) {!a}
 F - an uncursed staff of poison


   Skills:
 - Level 1.1 Fighting
 - Level 1.5 Dodging
 - Level 1.1 Stealth
 + Level 1.6 Traps
 - Level 10.3 Unarmed Combat
 + Level 2.4 Spellcasting
 - Level 2.1 Transmutations
 * Level 9.6 Earth Magic
 - Level 6.0 Invocations


You had 3 spell levels left.
You knew the following spells:

 Your Spells              Type           Power        Failure   Level  Hunger
a - Sandblast             Erth           ######       1%          1    None
b - Stoneskin             Trmt/Erth      ######....   1%          2    ##.....
c - Stone Arrow           Conj/Erth      #####.       4%          3    ###....
d - Petrify               Trmt/Erth      ######..     10%         4    ####...


Dungeon Overview and Level Annotations

Branches:
Dungeon (10/27)            Temple (1/1) D:4             Orc (0/4) D:9
   Lair: D:8-13

Altars:
Cheibriados
Elyvilon
Kikubaaqudgha
Nemelex Xobeh
Sif Muna
Trog
Vehumet
Yredelemnul
Zin

Shops:
D:5: + D:9: /

Portals:
Ziggurat: D:9 (5220 gp)

Annotations
D:3 digs


Innate Abilities, Weirdness & Mutations

You are too large for most types of armour.
You have claws for hands.
Your metabolism is lightning-fast.
You like to eat raw meat.
You heal very quickly.
You can eat rotten meat.
You are covered in fur (AC +1).
You have very tough skin (AC +2).


Message History

The eight-headed hydra closely misses you.
Casting: Stone Arrow
Confirm with . or Enter, or press ? or * to list all spells.
Aiming: Stone Arrow
Press: ? - help, Shift-Dir - straight line, f/p - eight-headed hydra
Aim: an eight-headed hydra (severely wounded)
You feel a surge of power!
The stone arrow hits the eight-headed hydra.
The eight-headed hydra is almost dead.
The eight-headed hydra bites you but does no damage.
The eight-headed hydra bites you.
* * * LOW HITPOINT WARNING * * *
The eight-headed hydra closely misses you.
The eight-headed hydra bites you but does no damage.
The eight-headed hydra completely misses you.
The eight-headed hydra bites you.
* * * LOW HITPOINT WARNING * * *
The eight-headed hydra bites you but does no damage.
The eight-headed hydra bites you.
You die...

##..## ....## . . .....#
.. ...# ####..# .... #...
# #..# ..... #..# #...
.... #.. #... #..# #.#
####..# #.D##.# #....#
#.@..# ## .....#
##...#####.# ..#..#
#.........# ..# #
#..##....#.# ..##.#
#...###...##.# .....###
....###.....#.#
..................##..#.#
....##....#......#
##...#### ....#
#......... ###......#


You could see an eight-headed hydra.

Vanquished Creatures
  Pikel (D:8)
  A hill giant (D:10)
  The ghost of tyrsky the Firebug, an average DEFE of Vehumet (D:6)
  8 yaks
  3 hippogriffs
  Edmund (D:6)
  2 ice beasts
  5 orc warriors
  2 sky beasts
  A cyclops skeleton (D:7)
  A slave (D:8)
  2 yellow wasps
  A phantom (D:6)
  2 ogres
  A lava worm (D:9)
  A giant frog zombie (D:6)
  16 big kobolds (D:7)
  A centaur zombie (D:4)
  3 giant frogs
  A water moccasin (D:6)
  2 iguanas
  2 centaur skeletons
  A lava fish (D:9)
  5 killer bees (D:7)
  9 wights
  A goliath beetle (D:6)
  2 ogre zombies
  A quasit (D:6)
  5 crimson imps
  2 orc priests (D:9)
  A lava snake (D:9)
  A hound skeleton (D:4)
  2 gnoll shamans
  5 hounds
  An ogre skeleton (D:6)
  4 scorpions
  4 orc wizards
  3 worker ants
  A worker ant zombie (D:8)
  A jelly (D:7)
  A mummy (D:9)
  6 gnolls
  6 adders
  A giant mite (D:1)
  An adder skeleton (D:7)
  4 worms
  2 giant geckos
  3 oozes
  36 orcs
  4 giant cockroaches
  7 goblins
  13 hobgoblins
  3 quokkas
  2 ball pythons
  10 bats
  11 giant newts
  A giant newt skeleton (D:4)
  A giant spore (D:8)
  A goblin zombie (D:4)
  21 kobolds
  3 orc zombies
  21 rats
  A rat zombie (D:4)
  4 ballistomycetes (D:8)
270 creatures vanquished.

Vanquished Creatures (others)
  2 slaves (D:9)
  A phantom (D:9)
  A giant frog skeleton (D:9)
  A hound (D:9)
  An adder (D:8)
  10 orcs
  A ball python (D:5)
  A rat (D:9)
  A plant (D:4)
19 creatures vanquished.

Grand Total: 289 creatures vanquished

Notes
Turn   | Place    | Note
--------------------------------------------------------------
     0 | D:1      | Koal, the Troll Earth Elementalist, began the quest for the Orb.
     0 | D:1      | Reached XP level 1. HP: 16/16 MP: 3/3
     9 | D:1      | Reached skill level 1 in Unarmed Combat
    49 | D:1      | Reached XP level 2. HP: 21/24 MP: 3/3
   286 | D:1      | Reached XP level 3. HP: 31/31 MP: 4/4
   546 | D:2      | Learned a level 2 spell: Stoneskin
   676 | D:2      | Reached skill level 3 in Unarmed Combat
   781 | D:2      | Found a bloodstained altar of Trog.
  1944 | D:3      | Reached XP level 4. HP: 39/39 MP: 5/5
  2317 | D:4      | Reached skill level 4 in Unarmed Combat
  2539 | D:4      | Reached skill level 5 in Unarmed Combat
  2539 | D:4      | Reached XP level 5. HP: 41/45 MP: 5/5
  2846 | D:4      | Found a staircase to the Ecumenical Temple.
  2848 | D:4      | Found a snail-covered altar of Cheibriados.
  2859 | D:4      | Became a worshipper of Cheibriados the Contemplative
  2907 | D:4      | Learned a level 3 spell: Stone Arrow
  3102 | D:4      | Found a glowing silver altar of Zin.
  3214 | Temple   | Entered the Ecumenical Temple
  3222 | D:5      | Entered Level 5 of the Dungeon
  3254 | D:5      | Reached XP level 6. HP: 44/53 MP: 6/6
  3369 | D:5      | Found Jemaeh's Book Shop.
  3369 | D:5      | Noticed a sky beast
  3384 | D:5      | Killed a sky beast
  3552 | D:4      | Reached skill level 5 in Earth Magic
  3602 | D:5      | Acquired Cheibriados' first power
  3646 | D:5      | Reached XP level 7. HP: 32/59 MP: 6/6
  3873 | D:5      | Found a radiant altar of Vehumet.
  3940 | D:5      | Reached skill level 6 in Earth Magic
  3998 | D:5      | Found an ancient bone altar of Kikubaaqudgha.
  4150 | D:6      | Reached skill level 1 in Transmutations
  4672 | D:6      | Reached XP level 8. HP: 67/67 MP: 7/7
  4741 | D:6      | Reached skill level 7 in Earth Magic
  4761 | D:6      | Noticed Edmund
  4786 | D:6      | Killed Edmund
  5010 | D:6      | Noticed tyrsky's ghost (average DEFE)
  5066 | D:6      | Killed tyrsky's ghost
  5514 | D:7      | Reached skill level 8 in Earth Magic
  5580 | D:7      | Acquired Cheibriados' second power
  5675 | D:7      | Reached XP level 9. HP: 74/74 MP: 10/10
  5838 | D:7      | Learned a level 4 spell: Petrify
  5981 | D:7      | Reached skill level 9 in Earth Magic
  6117 | D:7      | Reached skill level 1 in Invocations
  6145 | D:7      | Found a deep blue altar of Sif Muna.
  6244 | D:7      | Acquired Cheibriados' third power
  6764 | D:7      | Found a white marble altar of Elyvilon.
  7140 | D:8      | Found a sparkling altar of Nemelex Xobeh.
  7237 | D:8      | Found a deep blue altar of Sif Muna.
  7755 | D:8      | Acquired Cheibriados' fourth power
  7948 | D:8      | Reached XP level 10. HP: 70/81 MP: 11/11
  8219 | D:9      | Noticed Pikel
  8261 | D:8      | Killed Pikel
  8552 | D:8      | Reached skill level 10 in Unarmed Combat
  8707 | D:9      | Found a gateway to a ziggurat.
  8792 | D:9      | Reached skill level 5 in Invocations
  8968 | D:9      | Found a staircase to the Orcish Mines.
  9104 | D:9      | Reached skill level 1 in Fighting
  9111 | D:9      | Reached skill level 1 in Traps
  9206 | D:9      | Found Zuygevey's Magical Wand Boutique.
  9213 | D:9      | Found a basalt altar of Yredelemnul.
  9416 | D:10     | Entered Level 10 of the Dungeon
  9553 | D:10     | Noticed a hill giant
  9563 | D:10     | Killed a hill giant
  9819 | D:10     | Noticed an eight-headed hydra
  9828 | D:10     | HP: 2/83 [eight-headed hydra (3)]
  9828 | D:10     | Slain by an eight-headed hydra

Action                   |  1- 3 |  4- 6 |  7- 9 | 10-12 || total
-------------------------+-------+-------+-------+-------++-------
Melee: Unarmed           |   129 |    89 |   370 |   111 ||   699
       Staff             |       |       |       |     1 ||     1
 Fire: Blowgun           |       |    12 |    29 |    11 ||    52
Throw: Dart              |    20 |    61 |   117 |    57 ||   255
       Stone             |       |       |     2 |       ||     2
 Cast: Sandblast         |       |    18 |    16 |       ||    34
       Stone Arrow       |       |       |    53 |    47 ||   100
       Stoneskin         |       |       |     8 |     4 ||    12
Evoke: Wand              |       |       |     4 |     3 ||     7
  Use: Scroll            |       |    13 |     7 |     2 ||    22
 Stab: Sleeping          |     1 |     1 |     3 |       ||     5
       Distracted        |       |       |       |     1 ||     1
